 Dungeon Crawl Stone Soup version 0.30-a0-381-g6ea064c7b4 (webtiles) character file.

Game seed: 12503630791778367593

29160 qeuew the Cleaver (level 13, -1/116 HPs)
             Began as a Hill Orc Fighter on Dec 1, 2022.
             Was an Elder of Trog.
             Slain by a catoblepas (9 damage)
             ... while petrified by a catoblepas
             ... on level 5 of the Lair of Beasts.
             The game lasted 00:23:42 (16000 turns).

qeuew the Cleaver (Hill Orc Fighter)               Turns: 16000, Time: 00:23:43

Health: -1/116     AC: 18    Str: 25    XL:     13   Next: 43%
Magic:  20/20      EV:  2    Int:  7    God:    Trog [****..]
Gold:   859        SH:  0    Dex: 24    Spells: 12/12 levels left

rFire   . . .      SeeInvis +    m - +0 war axe (protect)
rCold   + + +      Faith    .    c - +0 buckler
rNeg    + + +      Spirit   .    e - +7 chain mail of the Old and Reckless {-Cast rPois rC+++ SInv}
rPois   ∞          Reflect  .    (helmet restricted)
rElec   +          Harm     .    (no cloak)
rCorr   .          Rampage  .    (no gloves)
Will    .....      NoCast   +    (no boots)
Stlth   ..........               (no amulet)
HPRegen 0.39/turn                a - ring "Rets" {rElec rN+ Str+4 Dex+2 Stlth+}
MPRegen 0.17/turn                n - +6 ring of dexterity

@: petrified
A: horns 1, agile 1, screaming 1
a: Renounce Religion, Berserk, Trog's Hand, Brothers in Arms


You were on level 5 of the Lair of Beasts.
You worshipped Trog.
Trog was greatly pleased with you.
You visited 3 branches of the dungeon, and saw 15 of its levels.

You collected 859 gold pieces.

Inventory:

Hand Weapons
 m - a +0 war axe of protection (weapon)
Missiles
 o - a throwing net
Armour
 c - a +0 buckler (worn)
 e - the +7 chain mail of the Old and Reckless (worn) {-Cast rPois rC+++ SInv}
   (You found it on level 3 of the Dungeon)

   rC:        It renders you almost immune to cold.
   rPois:     It protects you from poison.
   SInv:      It lets you see invisible.
   -Cast:     It prevents spellcasting.
Jewellery
 a - the ring "Rets" (left hand) {rElec rN+ Str+4 Dex+2 Stlth+}
   (You acquired it on level 4 of the Dungeon)

   [ring of positive energy]

   Str:       It affects your strength (+4).
   Dex:       It affects your dexterity (+2).
   rElec:     It insulates you from electricity.
   rN:        It protects you from negative energy.
   Stlth:     It makes you more stealthy.
 n - a +6 ring of dexterity (right hand)
 x - an amulet of guardian spirit
Wands
 f - a wand of charming (13)
 q - a wand of quicksilver (2)
 s - a wand of flame (2) (quivered)
 u - a wand of roots (11)
 A - a wand of digging (4)
Scrolls
 b - a scroll of enchant weapon
 d - 3 scrolls of teleportation
 i - a scroll of enchant armour
 t - 2 scrolls of identify
 w - a scroll of fear
 y - a scroll of blinking {unknown}
 z - 2 scrolls of butterflies {unknown}
 B - a scroll of silence {unknown}
 C - a scroll of poison {unknown}
Potions
 g - 2 potions of magic
 h - 4 potions of haste
 j - a potion of heal wounds
 k - 3 potions of flight
 p - 2 potions of ambrosia
 r - 2 potions of cancellation
 v - 2 potions of curing
 D - a potion of might
Miscellaneous
 l - a phantom mirror


   Skills:
 + Level 11.4 Fighting
 + Level 12.1 Axes
 + Level 10.7 Armour
 + Level 7.0 Dodging
 + Level 10.6 Shields
 - Level 9.8 Invocations
 + Level 8.6 Evocations


You had 12 spell levels left.
You didn't know any spells.
Your spell library contained the following spells:

 Spells                   Type           Power      Damage    Failure   Level
 Beastly Appendage        Tmut           0%         N/A       95%         1
 Freeze                   Ice            0%         1d3       95%         1
 Wereblood                Tmut           0%         N/A       99%         2
 Frozen Ramparts          Ice            0%         1d1       100%        3
 Hailstorm                Conj/Ice       0%         3d3       100%        3
 Spider Form              Tmut/Pois      0%         N/A       100%        3


Dungeon Overview and Level Annotations

Branches:
Dungeon (9/15)             Temple (1/1) D:4            Lair (5/5) D:9
  Swamp (0/4) Lair:3       Spider (0/4) Lair:2        Slime (0/5) Lair:5
    Orc (0/2) D:9

Altars:
Ashenzari
Cheibriados
Dithmenos
Elyvilon
Fedhas
Gozag
Hepliaklqana
Makhleb
Nemelex Xobeh
Okawaru
Qazlal
Ru
Sif Muna
Trog
Vehumet
Wu Jian
Xom
Yredelemnul
Zin
The Shining One


Innate Abilities, Weirdness & Mutations

You have a pair of small horns on your head.
You are agile. (Dex +4, Str/Int -1)
You occasionally shout uncontrollably at your foes.


Message History

The dream sheep is moving more slowly.
The catoblepas gores you!
The dream sheep shake their wool and sparkle.
You feel drowsy...
You can't fall asleep in your current state!
You have turned to stone.
The dream sheep is engulfed in calcifying dust.
The dream sheep stops moving altogether!
The dream sheep bites you but does no damage.
The catoblepas gores you!!
The dream sheep is engulfed in calcifying dust.
The dream sheep bites you.
The catoblepas breathes a plume of calcifying dust at you.
The blast of calcifying dust hits you.
You are engulfed in calcifying dust.
The komodo dragon is no longer petrified.
The dream sheep is engulfed in calcifying dust.
The komodo dragon bites you!
* * * LOW HITPOINT WARNING * * *
The dream sheep bites you!
* * * LOW HITPOINT WARNING * * *
The catoblepas breathes a plume of calcifying dust at you.
The blast of calcifying dust hits you but does no damage.
You are engulfed in calcifying dust.
The komodo dragon barely misses you.
The dream sheep bites you but does no damage.
The catoblepas breathes a plume of calcifying dust at you.
The blast of calcifying dust hits you!
* * * LOW HITPOINT WARNING * * *
You are engulfed in calcifying dust.
The dream sheep is no longer petrified.
The komodo dragon bites you.
* * * LOW HITPOINT WARNING * * *
The dream sheep completely misses you.
The catoblepas gores you but does no damage.
You are engulfed in calcifying dust.
The komodo dragon barely misses you.
The dream sheep bites you but does no damage.
The catoblepas gores you!
* * * LOW HITPOINT WARNING * * *
The komodo dragon bites you!
* * * LOW HITPOINT WARNING * * *
The dream sheep bites you but does no damage. x2
The catoblepas gores you!!
You die...

..............>......
...................#..
.........####.........
.........##≈#.........
........##≈#.........
.....#≈≈#......P..
....≈≈~.........
....≈≈YlY..#....
..~~~~~@Y.......
....~.~.Y.......
..~..~~..§......
...~~~.~........
....~~.....§....
..~~~~..........
.~..≈~.~.......≈
...~~~.........


You could see a catoblepas, a komodo dragon and 3 dream sheep.

Vanquished Creatures
  An ice dragon (D:9)
  3 hydras
  A boulder beetle (Lair:3)
  2 catoblepae
  A death yak (D:8)
  2 bog bodies (Lair:3)
  4 elephants
  A black mamba (Lair:5)
  9 cane toads
  4 rime drakes
  13 komodo dragons
  3 polar bears
  A troll (D:9)
  A queen bee (D:9)
  3 hornets
  8 blink frogs
  Prince Ribbit (D:6)
  A dream sheep (Lair:5)
  2 culicivoras (Lair:2)
  A jumping spider (Lair:2)
  A vampire (D:9)
  4 wyverns
  7 yaks
  5 basilisks
  A redback (Lair:2)
  A steam dragon (D:9)
  An unseen horror simulacrum (D:8)
  A swamp worm (Lair:3)
  6 water moccasins
  6 orc warriors
  4 ice beasts
  2 black bears (D:8)
  A sky beast (D:7)
  13 wolves
  3 ogres
  5 kobold brigands
  Blork the orc (D:6)
  10 bullfrogs
  2 necrophages
  4 gnoll sergeants
  2 scorpions (D:5)
  2 wights (D:9)
  26 killer bees
  5 howler monkeys (D:9)
  5 electric eels
  2 lava snakes (Lair:2)
  A wyvern simulacrum (D:8)
  5 hounds
  2 jellies
  5 orc priests
  A gnoll bouda (D:6)
  Ijyb (D:3)
  4 iguanas
  An orc wizard (D:8)
  A centaur simulacrum (D:8)
  A killer bee simulacrum (D:8)
  Robin (D:2)
  10 adders
  11 gnolls
  2 shadow imps (D:5)
  5 white imps
  5 ufetubi
  A worm (D:3)
  3 dart slugs
  41 orcs
  10 ball pythons
  6 endoplasms
  3 giant cockroaches
  14 hobgoblins
  13 kobolds
  6 quokkas
  6 bats
  10 frilled lizards
  21 goblins
  3 rats
375 creatures vanquished.

Vanquished Creatures (collateral kills)
  2 wights (D:9)
  A howler monkey (D:9)
  An orc wizard (D:4)
4 creatures vanquished.

Vanquished Creatures (others)
  15 fungi
  79 plants
94 creatures vanquished.

Grand Total: 473 creatures vanquished

Notes
Turn   | Place    | Note
-------+----------+-------------------------------------------
     0 | D:1      | qeuew the Hill Orc Fighter began the quest for the Orb.
     0 | D:1      | Reached XP level 1. HP: 19/19 MP: 1/1
    78 | D:1      | Reached XP level 2. HP: 27/27 MP: 2/2
    88 | D:1      | Reached skill level 3 in Axes
   340 | D:1      | Reached XP level 3. HP: 30/33 MP: 3/3
   643 | D:2      | Noticed Robin
   656 | D:2      | Killed Robin
   865 | D:2      | Reached XP level 4. HP: 37/40 MP: 4/4
  1379 | D:3      | Identified the +7 chain mail of the Old and Reckless {-Cast
                  | rPois rC+++ SInv}
  1734 | D:3      | Reached skill level 4 in Axes
  1738 | D:3      | Reached XP level 5. HP: 47/47 MP: 5/5
  1751 | D:3      | Noticed Ijyb
  1787 | D:3      | Killed Ijyb
  2239 | D:4      | Noticed an ogre
  2242 | D:4      | Killed an ogre
  2243 | D:4      | Reached skill level 5 in Fighting
  2243 | D:4      | Reached XP level 6. HP: 47/56 MP: 6/6
  2430 | D:4      | Found a staircase to the Ecumenical Temple.
  2445 | Temple   | Entered the Ecumenical Temple
  2495 | Temple   | Became a worshipper of the Shining One
  2908 | D:4      | Reached skill level 1 in Invocations
  3164 | D:4      | Identified a scroll of acquirement
  3164 | D:4      | Acquired the ring "Rets" {rElec rN+ Str+4 Dex+2 Stlth+}
  3168 | D:4      | Reached skill level 7 in Axes
  3168 | D:4      | Reached XP level 7. HP: 66/66 MP: 6/13
  3169 | D:4      | Gained mutation: You have a pair of small horns on your
                  | head. [potion of mutation]
  3169 | D:4      | Gained mutation: You occasionally shout uncontrollably at
                  | your foes. [potion of mutation]
  3169 | D:4      | Gained mutation: You are agile. (Dex +4, Str/Int -1)
                  | [potion of mutation]
  3204 | D:5      | Entered Level 5 of the Dungeon
  3376 | D:5      | Reached XP level 8. HP: 54/73 MP: 14/14
  3705 | D:5      | Reached * piety under the Shining One
  4431 | D:6      | Noticed Blork the orc
  4443 | D:6      | Killed Blork the orc
  4493 | D:6      | Found a stormy altar of Qazlal.
  4515 | D:6      | Identified the +0 ring mail of Zin, Leaping {rPois SInv}
  4519 | D:6      | Noticed Prince Ribbit
  4532 | D:6      | Killed Prince Ribbit
  4820 | D:6      | Noticed a wyvern
  4824 | D:6      | Reached XP level 9. HP: 79/81 MP: 15/15
  5214 | D:6      | Found a burning altar of Makhleb.
  5444 | D:6      | Found a snail-covered altar of Cheibriados.
  5671 | D:7      | Reached skill level 8 in Axes
  5761 | D:7      | Found a sparkling altar of Nemelex Xobeh.
  6663 | D:8      | Noticed a komodo dragon
  6684 | D:8      | Killed a komodo dragon
  6685 | D:8      | Reached skill level 5 in Evocations
  6888 | D:8      | Found an ornate altar of the Wu Jian Council.
  6967 | D:8      | Noticed a polar bear
  6970 | D:8      | Reached ** piety under the Shining One
  6975 | D:8      | Noticed a hornet
  7153 | D:8      | Reached XP level 10. HP: 82/88 MP: 17/17
  7266 | D:8      | Found a bloodstained altar of Trog.
  7284 | D:8      | Fell from the grace of the Shining One
  7284 | D:8      | Became a worshipper of Trog the Wrathful
  8151 | D:8      | Noticed a death yak
  8167 | D:8      | Killed a death yak
  8168 | D:8      | Reached skill level 9 in Axes
  8204 | D:8      | Reached * piety under Trog
  8605 | D:9      | Found a shimmering blue altar of Sif Muna.
  9052 | D:9      | Reached XP level 11. HP: 42/95 MP: 18/18
  9075 | D:9      | Reached ** piety under Trog
  9499 | D:9      | Found a staircase to the Lair.
  9645 | D:9      | Found a staircase to the Orcish Mines.
  9780 | D:9      | Noticed an ice dragon
  9802 | D:9      | Killed an ice dragon
  9803 | D:9      | Reached skill level 5 in Dodging
  9826 | D:9      | Identified the +11 halberd "Saphum" {venom, Str+3}
 10212 | D:9      | Found an iron altar of Okawaru.
 10213 | D:9      | Found a broken altar of Ashenzari.
 10430 | Lair:1   | Entered Level 1 of the Lair of Beasts
 10490 | Lair:1   | Reached skill level 10 in Axes
 11057 | Lair:1   | Reached *** piety under Trog
 11338 | Lair:1   | Identified the amulet "Walop" {RegenMP Harm Dex-3 Slay+3}
 11515 | Lair:2   | Reached XP level 12. HP: 93/106 MP: 19/19
 11587 | Lair:2   | Reached skill level 10 in Fighting
 12074 | Lair:2   | Noticed a catoblepas
 12109 | Lair:2   | Killed a catoblepas
 12649 | Lair:2   | Found a hole to the Spider Nest.
 12662 | Lair:2   | Reached skill level 11 in Axes
 12841 | Lair:2   | You fall into a shaft and drop 2 floors!
 12850 | Lair:4   | Noticed a four-headed hydra
 12863 | Lair:4   | Killed a nine-headed hydra
 13097 | Lair:4   | Reached skill level 10 in Armour
 13108 | Lair:4   | Reached skill level 10 in Shields
 13611 | Lair:3   | Noticed a six-headed hydra
 13616 | Lair:3   | Killed a six-headed hydra
 13664 | Lair:3   | Noticed a six-headed hydra
 13849 | Lair:3   | Killed a 19-headed hydra
 13850 | Lair:3   | Reached XP level 13. HP: 50/116 MP: 20/20
 15077 | Lair:3   | Reached **** piety under Trog
 15084 | Lair:3   | Found a staircase to the Swamp.
 15576 | Lair:4   | Reached skill level 12 in Axes
 15755 | Lair:5   | Entered Level 5 of the Lair of Beasts
 15755 | Lair:5   | Found a staircase to the Slime Pits.
 16000 | Lair:5   | Slain by a catoblepas

Illustrated notes

Levels and vault maps discovered:
D:1:      roderic_crop_circles_arrival_small, layout_basic, minmay_tetromino_s4
D:2:      layout_basic, nicolae_figureground_sparkle, uniq_robin
D:3:      layout_loops_ring, grunt_ministairs_4,
          nicolae_elevator_lobby_asterisk, uniq_ijyb
D:4:      minmay_opposing_rooms, layout_gridville, minmay_temple_entry_junction,
          minmay_misc_feat_ornament, minmay_box_of_dots, uniq_menkaure
D:5:      layout_loops_ring
D:6:      layout_basic, lightli_temple_of_fire, grunt_qazlal_sundering,
          mainiacjoe_overflow_alcove_2, uniq_prince_ribbit1, uniq_blork_the_orc
D:7:      layout_basic, lemuel_doored_altar, amethyst_killhole,
          hangedman_decor_points, kennysheep_crisscross
D:8:      layout_basic, trog_ov_bears_minmay, nicolae_wu_jian_wuxing_cycle,
          serial_ice, serial_ice_o, serial_ice_b, serial_ice_g, serial_ice_d,
          serial_ice_m, serial_ice_i, serial_ice_n, serial_ice_f,
          minmay_lizard_king
D:9:      dragon1_lemuel, layout_basic,
          chequers_temple_overflow_statue_of_worship,
          mainiacjoe_overflow_cross_hatched, lair_entry_dummy,
          kennysheep_orc_monster_closet_entryway, special_room
          [special_room_bee]
Temple:   nicolae_temple_ecumenical_triangle
Lair:1:   layout_gridlike, grunt_megastairs_2
Lair:2:   layout_chaotic_city, spider_nest_entry_funnel_web, st_stairs_11,
          cheibrodos_lair_caveside_slide, amcnicky_mini_pool_medium
Lair:3:   layout_small_grid, nicolae_swamp_entry_splash_gauntlet
Lair:4:   layout_loops_ring, portal_ice_cave_rime
Lair:5:   grunt_lair_end_beastmaster, layout_hall_layers, slime_entry_1,
          serial_rivers, chequers_serial_rivers_room_a,
          chequers_serial_rivers_micro_b, chequers_serial_rivers_small_3,
          chequers_serial_rivers_marsh, wad_woods_road_03,
          nicolae_lair_grazing_beasts [nicolae_sub_lair_graze_edge,
          nicolae_sub_lair_graze_edge, nicolae_sub_lair_graze_edge,
          nicolae_sub_lair_graze_edge]

Skill      XL: |  1  2  3  4  5  6  7  8  9 10 11 12 13 |
---------------+----------------------------------------+-----
Axes           | 3 4 7 8 9 10 11 12 | 12.1
Fighting       | 4 5 7 8 9 11 | 11.4
Shields        | 4 6 7 8 9 10 | 10.6
Armour         | 4 7 8 9 10 | 10.7
Invocations    | 8 9 |  9.8
Dodging        | 3 4 5 6 7 |  7.0
Evocations     | 4 5 7 8 |  8.6

Action                   |  1- 3 |  4- 6 |  7- 9 | 10-12 | 13-15 || total
-------------------------+-------+-------+-------+-------+-------++-------
Melee: War axe           |    70 |   116 |   174 |   719 |   162 ||  1241
       Unarmed           |       |    96 |       |       |       ||    96
       Mace              |       |    43 |       |       |       ||    43
       Hand axe          |       |       |   124 |       |       ||   124
       Headbutt          |       |       |    75 |   190 |    48 ||   313
Invok: Berserk           |       |       |       |     6 |     1 ||     7
       Trog's Hand       |       |       |       |     3 |       ||     3
Evoke: Wand              |       |     1 |       |    19 |       ||    20
  Use: Potion            |     4 |     3 |     3 |     4 |       ||    14
       Scroll            |     1 |     6 |     5 |     6 |       ||    18
 Stab: Petrified         |       |       |       |       |     4 ||     4
Armor: Scale mail        |    35 |     7 |       |       |       ||    42
       Chain mail        |       |   183 |   144 |   529 |   112 ||   968
Dodge: Dodged            |    35 |   110 |   104 |   545 |   130 ||   924
Block: Buckler           |    20 |    67 |    80 |   372 |    54 ||   593

Table legend: (Time is in decaauts)
 A = Elapsed time spent in this place.
 B = Non-inter-level travel time spent in this place.
 C = Inter-level travel time spent in this place.
 D = Time resting spent in this place.
 E = Time spent auto-exploring this place.
 F = Levels seen in this place.
 G = Mean time per level.
                   A        B        C        D        E       F      G
               +--------+--------+--------+--------+--------+-----+--------+
         Total |  16167 |  15653 |    514 |    379 |  12343 |  15 | 1077.8 |
       Dungeon |  10523 |  10160 |    363 |    379 |   7823 |   9 | 1169.2 |
        Temple |     59 |     51 |      8 |      0 |     18 |   1 |   59.0 |
          Lair |   5584 |   5442 |    142 |      0 |   4502 |   5 | 1116.8 |
               +--------+--------+--------+--------+--------+-----+--------+

Top non-repeatable levels by time:
     D:8: 1985 daAuts
     D:9: 1722 daAuts
  Lair:3: 1693 daAuts
  Lair:2: 1655 daAuts
     D:6: 1390 daAuts
     D:7: 1262 daAuts
  Lair:1: 1078 daAuts
     D:4: 1033 daAuts
     D:5: 956 daAuts
  Lair:4: 914 daAuts
     D:3: 900 daAuts
     D:2: 640 daAuts
     D:1: 631 daAuts
  Lair:5: 241 daAuts
  Temple: 59 daAuts
